[Event "HSK GM Invitational 2022"]
[Site "Hamburg"]
[Date "2022.05.27"]
[Round "9.3"]
[White "Carlstedt, Jonathan"]
[Black "Colpe, Malte"]
[Result "1/2-1/2"]
[ECO "D41"]
[WhiteElo "2444"]
[BlackElo "2348"]
[Annotator "TA"]
[PlyCount "88"]
[EventDate "2022.05.20"]
[EventType "tourn"]
[EventCountry "GER"]
[SourceTitle "playchess.com"]
[Source "ChessBase"]
[SourceQuality "1"]
[TimeControl "40/5400+30:1800+30"]

1. d4 {[%emt 0:00:23] Nielsen,Peter Heine} Nf6 2. Nf3 d5 3. c4 e6 4. Nc3 c5 5. cxd5 Nxd5 6. e4 Nxc3 7. bxc3 cxd4 8. cxd4 Bb4+ 9. Bd2 Bxd2+ 10. Qxd2 O-O 11. Bc4 Nd7 12. O-O b6 13. Rfe1 Bb7 14. Rad1 Rc8 {[%emt 0:00:30] D41: Queen's Gambit Declined: Semi-Tarrasch with 5 cxd5.} 15. Bb3 Re8 16. Re3 Nf6 17. d5 exd5 18. e5 {[%emt 0:00:30] [#]} Nd7 $146 ({Predecessor:} 18... Ne4 19. Qe1 Qc7 20. Nd4 a6 21. h4 Rcd8 22. f3 Nc5 23. h5 Ne6 24. Nf5 d4 {1-0 (34) Carlsen,M (2863)-Giri,A (2764) chess24.com INT 2020 CBM 197 [Nielsen,Peter Heine]}) 19. Qe2 Nc5 20. Nd4 g6 {[%emt 0:02:28] Against Qh5} 21. Qg4 Qd7 22. Qh4 Qe7 23. Qh6 Qf8 24. Qh3 Ne4 (24... a5 $15) 25. f3 (25. Rxe4 $5 dxe4 26. e6 $11) 25... Nc3 26. Rdd3 {[%emt 0:00:34] [#]} (26. Rde1 $1 $11) 26... Qc5 (26... Ba6 $1 $17 27. Rxc3 (27. Rd2 Qb4) 27... Rxc3 28. Rxc3 Qb4) 27. Qh4 Nb5 $36 {[%emt 0:01:32][%mdl 2048] Black has some pressure.} 28. Nxb5 $1 Qxb5 29. f4 (29. Ba4 $1 $11 Rc1+ 30. Kf2) 29... Rc1+ 30. Kf2 $1 Qc5 31. Qf6 Re6 (31... Ba6 {[#]} 32. Bxd5 $1 Qe7 33. e6 $1 Qxf6 34. exf7+ Qxf7 35. Rxe8+ Kg7 36. Bxf7 Bxd3 37. Re7 $11) 32. Qd8+ Kg7 33. Kg3 (33. Bxd5 $11 Rc2+ 34. Kg3 Bxd5 35. Qxd5) 33... Ba6 $17 34. Qxd5 Bxd3 35. Qxc5 bxc5 36. Bxe6 {[%emt 0:00:06][%mdl 4096] Endgame KRB-KRB} c4 (36... fxe6 37. Rxd3 g5 38. Rd6 $14 (38. fxg5 Kg6 $11)) 37. Bd5 Bb1 (37... Ra1 $17 {[%cal Oc4c3] Threatens to win with ...c3!} 38. Be4 Rxa2) 38. Ra3 $11 {[%emt 0:01:28] The position is equal.} c3 $1 39. Rxa7 c2 {[%emt 0:00:16] Hoping for ...Rd1.} 40. Rxf7+ Kh8 {[%emt 0:02:02] ...Rd1 is the strong threat.} 41. Kh4 {[%emt 0:39:55] Intending Rf8+ and mate.} (41. Rc7 $2 Re1 42. Kf3 (42. Rc8+ $2 Kg7 $19) 42... c1=Q 43. Rxc1 Rxc1 $19) 41... h6 42. Rf8+ ({Wrong is} 42. Rc7 $2 Rd1 43. Bb3 (43. Rc8+ $2 Kg7 $19) 43... c1=Q 44. Rxc1 Rxc1 $19) 42... Kg7 43. Rf7+ Kh8 $1 44. Rf8+ ({Not} 44. Rc7 $2 Rd1 45. Rc8+ Kg7 46. Rc7+ Kf8 47. Rc8+ Ke7 48. Rc7+ Kd8 $19) 44... Kg7 {[%emt 0:00:04] Weighted Error Value: White=0.20 (precise) /Black=0.16 (very precise)} 1/2-1/2

[Event "HSK GM Invitational 2022"]
[Site "Hamburg"]
[Date "2022.05.27"]
[Round "9.4"]
[White "Woelk, Tom-Frederic"]
[Black "Trent, Lawrence"]
[Result "1/2-1/2"]
[ECO "E20"]
[WhiteElo "2315"]
[BlackElo "2398"]
[Annotator "TA"]
[PlyCount "44"]
[EventDate "2022.05.20"]
[EventType "tourn"]
[EventCountry "GER"]
[SourceTitle "playchess.com"]
[Source "ChessBase"]
[SourceQuality "1"]
[TimeControl "40/5400+30:1800+30"]

1. d4 Nf6 2. c4 e6 3. Nc3 Bb4 4. f3 c5 5. d5 O-O 6. e4 d6 7. Nge2 b5 8. Nf4 {[%emt 0:02:54] E20: Nimzo-Indian: 4 g3 and 4 f3.} (8. cxb5 exd5 9. exd5 Nbd7 $15) 8... exd5 $1 9. cxd5 a6 $1 10. a4 Ba5 11. Be3 (11. axb5 $6 axb5 12. Be3 c4 $14) 11... c4 {[%emt 0:18:39] [#]} 12. axb5 $146 ({Predecessor:} 12. Kf2 Bd7 13. axb5 axb5 14. b4 cxb3 15. Qxb3 b4 16. Nb5 g5 17. Nh3 Nxe4+ 18. Kg1 {0-1 (39) Suder,J (2239)-Janik,I (2489) Pokrzywna 2020}) 12... axb5 13. Kf2 Ba6 14. b4 {[%emt 0:13:52] The position is equal.} cxb3 15. Nxb5 g5 16. Nh3 Nxe4+ 17. fxe4 Qf6+ 18. Kg3 ({Don't go for} 18. Kg1 $2 Bxb5 19. Rb1 (19. Bxb5 $2 Bb6 $19) 19... Bxf1 20. Qxf1 Qc3 $19) 18... Qe5+ 19. Kf2 Qb2+ 20. Kg3 Qe5+ 21. Kf2 Qf6+ 22. Kg3 ({Wrong is} 22. Kg1 $2 Bxb5 23. Rb1 (23. Bxb5 $2 Bb6 $19) 23... Bxf1 24. Qxf1 Qc3 $19) 22... Qe5+ {[%emt 0:00:48] An even fight not without its subleties.  Weighted Error Value: White=0.03 (flawless) /Black=0.03 (flawless)} 1/2-1/2

[Event "HSK GM Invitational 2022"]
[Site "Hamburg"]
[Date "2022.05.27"]
[Round "9.5"]
[White "Mendonca, Leon Luke"]
[Black "Souleidis, Georgios"]
[Result "1-0"]
[ECO "A13"]
[WhiteElo "2551"]
[BlackElo "2430"]
[Annotator "TA"]
[PlyCount "105"]
[EventDate "2022.05.20"]
[EventType "tourn"]
[EventCountry "GER"]
[SourceTitle "playchess.com"]
[Source "ChessBase"]
[SourceQuality "1"]
[TimeControl "40/5400+30:1800+30"]

1. Nf3 Nf6 2. c4 e6 3. b3 d5 4. Bb2 b6 5. e3 Bb7 6. Nc3 {[%emt 0:00:29][%cal Bb1c3,Bc3e2,Be2d4,Bd4f5][%mdl 32] A13: English Opening: 1...e6.} a6 7. cxd5 exd5 8. Ne2 $5 {[%emt 0:01:00][%mdl 4] The position is equal. Exploring less charted territory.} Nbd7 9. Rc1 Bd6 10. Ned4 c5 11. Nf5 Bf8 12. d4 g6 13. Ng3 Bd6 14. Bd3 (14. Ne5 $5 ) 14... Qe7 15. O-O O-O {[%emt 0:00:19] [#]} 16. Qe2 $146 ({Predecessor:} 16. Re1 Rfe8 17. Nh4 Rad8 18. Bb1 Bb8 19. Nf3 h5 20. Qe2 Ne4 21. dxc5 bxc5 22. Nf1 f5 23. Bd3 Qe6 24. Ba1 {1-0 (62) Kantor,G (2533)-Dudin,G (2422) Riga 2021}) 16... Rfe8 17. Rfd1 Ne4 18. dxc5 Ndxc5 19. Ba1 f6 20. Bb1 a5 21. Bxe4 (21. Nd4 $14) 21... dxe4 $11 22. Qc4+ Kf8 $1 23. Ne1 Kg7 24. Qb5 Qc7 {[%emt 0:00:17] Hoping for ...Ba6.} 25. Rxc5 bxc5 26. Rxd6 Qxd6 27. Qxb7+ Qe7 28. Qb6 {[%emt 0:02:00][%cal Og3e4] Threatens to win with Nxe4!} Rf8 29. h3 a4 30. Bc3 axb3 31. axb3 Rab8 32. Qc6 Rfc8 33. Qd5 Re8 $1 34. Nc2 Qf7 35. Qxc5 Rec8 36. Qd4 Rd8 (36... Rxb3 $11 {keeps the balance.} 37. Nxe4 Rcxc3 $1 38. Nxc3 Qc7 39. Qxf6+ Kxf6 40. Nd5+ Ke5 41. Nxc7 Rc3) 37. Qxe4 $16 Rd1+ {[%emt 0:00:45] This costs Black the game.} (37... Rdc8 $16) 38. Kh2 $18 {[%emt 0:00:22] aiming for Nd4.} Rxb3 39. Bd4 Rbb1 40. Na3 (40. Qc6 $142) 40... Rbc1 $2 (40... Rb3) 41. Nb5 Qd7 {[%emt 0:00:28] Inhibits Nd6.} 42. Qf4 {[%emt 0:02:51] The board is on fire.} Rc6 43. Qf3 Rb1 (43... Rdc1 $142 44. Ne2 R1c4) 44. Nc3 {[%emt 0:01:03] Pair of Knights!} Rb8 {[%emt 0:02:30] [#]} 45. Nce4 (45. Nh5+ $142 $1 gxh5 46. Qg3+ Kf7 47. Qxb8) 45... Rf8 46. Qf4 Qd8 47. Qg4 Kg8 48. Qf3 Qc7 49. Qd1 ({Not} 49. Bxf6 Re6 $11) ({Weaker is} 49. Nxf6+ Rcxf6 50. Bxf6 Qd6 $14) 49... h6 50. Qa1 Qe7 51. Qb1 Kh7 (51... f5 {is a better defense.}) 52. f4 Qc7 {[%emt 0:01:11] [#]} (52... f5 $142 53. Nd2 Rc7) 53. Nh5 $1 {[%emt 0:01:36][%mdl 512] Weighted Error Value: White=0.19 (very precise) /Black=0.32} 1-0